 Dungeon Crawl Stone Soup version 0.30-a0-533-g4794bfbd1c (webtiles) character file.

Game seed: 12399152937777959092

3320 Angani the Grappler (level 9, -5/65 (78) HPs)
             Began as a Purple Draconian Reaver on Dec 25, 2022.
             Was a Priest of Cheibriados.
             Slain by a wyvern (16 damage)
             ... on level 9 of the Dungeon.
             The game lasted 00:11:18 (8192 turns).

Angani the Grappler (Purple Draconian Reaver)       Turns: 8192, Time: 00:11:19

HP:   -5/65 (78)    AC:  7    Str: 21    XL:     9   Next: 71%
MP:   19/19         EV: 16    Int: 23    God:    Cheibriados [***...]
Gold: 475           SH:  0    Dex: 16    Spells: 17/21 levels left

rFire   . . .      SeeInvis .      - Unarmed
rCold   . . .      Faith    .    (no shield)
rNeg    . . .      Spirit   .    (body armour unavailable)
rPois   .          Reflect  .    (helmet restricted)
rElec   .          Harm     .    m - scarf {repulsion}
rCorr   .          Rampage  .    (no gloves)
Will    +....                    (no boots)
Stlth   +                        (no amulet)
HPRegen 0.30/turn                q - +4 ring of evasion
MPRegen 0.16/turn                c - ring of flight

@: confused, short of breath, ambrosia-drunk, flying, heavily drained, repel
missiles, very slow
A: breathe power, AC +7, unfitting armour, cold-blooded
a: Breathe Dispelling Energy, Renounce Religion, Bend Time, Temporal Distortion


You were on level 9 of the Dungeon.
You worshipped Cheibriados.
Cheibriados was most pleased with you.
You visited 2 branches of the dungeon, and saw 10 of its levels.

You collected 475 gold pieces.

Inventory:

Missiles
 i - 6 silver javelins
Armour
 m - a scarf of repulsion (worn)
Jewellery
 c - a ring of flight (right hand)
 q - a +4 ring of evasion (left hand)
Wands
 o - a wand of polymorph (8)
 p - a wand of flame (24)
Scrolls
 a - a scroll of fog
 f - a scroll of amnesia
 h - 2 scrolls of enchant armour
 j - a scroll of fear
 k - 2 scrolls of immolation
 n - 2 scrolls of magic mapping
 r - a scroll of vulnerability
Potions
 b - 2 potions of curing
 d - a potion of attraction
 e - a potion of might
 g - 2 potions of mutation
 s - 2 potions of heal wounds {unknown}
 t - 3 potions of flight
 u - 2 potions of lignification {unknown}
 v - a potion of berserk rage {unknown}
 w - a potion of invisibility {unknown}


   Skills:
 + Level 6.7 Fighting
 - Level 1.7 Dodging
 - Level 10.0 Unarmed Combat
 + Level 6.7 Spellcasting
 - Level 3.0 Conjurations
 + Level 5.6 Summonings


You had 17 spell levels left.
You knew the following spells:

 Your Spells              Type           Power      Damage    Failure   Level
a - Kiss of Death         Conj/Necr      56%        2d9       4%          1
b - Call Canine Familiar  Summ           33%        N/A       2%          3

Your spell library contained the following spells:

 Spells                   Type           Power      Damage    Failure   Level
 Momentum Strike          Conj/Tloc      28%        3d8       6%          2
 Hailstorm                Conj/Ice       14%        3d5       13%         3
 Inner Flame              Hex/Fire       7%         N/A       24%         3
 Portal Projectile        Hex/Tloc       14%        N/A       24%         3
 Cause Fear               Hex            3%         N/A       61%         4
 Leda's Liquefaction      Hex/Erth       3%         N/A       61%         4
 Discord                  Hex            3%         N/A       100%        8


Dungeon Overview and Level Annotations

Branches:
Dungeon (9/15)             Temple (1/1) D:5            Lair (0/5) D:8
    Orc: D:9-12

Altars:
Ashenzari
Cheibriados
Dithmenos
Elyvilon
Fedhas
Gozag
Hepliaklqana
Kikubaaqudgha
Makhleb
Nemelex Xobeh
Okawaru
Qazlal
Ru
Sif Muna
Trog
Uskayaw
Vehumet
Wu Jian
Xom
Yredelemnul
The Shining One

Annotations:
D:2 Sigmund
D:6 Edmund
Temple 2 transporters


Innate Abilities, Weirdness & Mutations

You can breathe bolts of dispelling energy.
Your rich purple scales are hard. (AC +7)
You cannot fit into any form of body armour.
You are cold-blooded and may be slowed by cold attacks.


Message History

The wyvern bites you!
You are too injured to fight recklessly!
Unknown command.
Aiming: Breathe Dispelling Energy (4% risk of failure)
Press: ? - help, Shift-Dir - straight line, f - wyvern
Aim: a wyvern (heavily wounded, 53% to hit)
You breathe a bolt of dispelling energy.
The bolt of dispelling energy hits the wyvern!
The wyvern is severely wounded.
You hear a shout!
The wyvern bites you!
* * * LOW HITPOINT WARNING * * *
The wyvern barely misses you.
You hear a shout! x2
Unknown command.
Unknown command.
Casting: Kiss of Death (safe; 4% risk of failure)
Confirm with . or Enter, or press ? or * to list all spells.
The vampire gestures wildly while chanting.
The vampire flickers and vanishes!
Deactivating autopickup; reactivate with Ctrl-A.
The wyvern bites you!
* * * LOW HITPOINT WARNING * * *
Unknown command.
Okay, then.
Okay, then.
You are confused.
You feel invigorated. The wyvern barely misses you.
Something hits your hound but does no damage.
Something bites your hound!
Your hound bites something but does no damage.
The wyvern barely misses you.
Your hound bites something.
Something hits your hound!
Your hound dies!
Your hound's corpse disappears in a puff of smoke!
An orc comes into view. It is wielding a +0 club.
The wyvern bites you.
* * * LOW HITPOINT WARNING * * *
The wyvern bites you!
You die...

#.# #####.#####
#.........#
#.###.###.# # #.#
#.# #. #.# #.# #..
..# #.#
###...#####.#####.
.....§l@...........
###..{#####.#####..
#.. ..# #o ### #


You could see a wyvern and an orc.

Vanquished Creatures
  A hornet (D:8)
  2 steam dragons
  An acid dragon (D:8)
  An ice beast (D:6)
  A sky beast (D:7)
  2 orc warriors
  An ogre (Temple)
  2 centaurs
  A phantom (D:5)
  3 bullfrogs
  A necrophage (D:5)
  4 scorpions
  8 wights
  A crimson imp (Temple)
  3 howler monkeys
  4 hounds
  A jelly (D:7)
  4 orc priests
  2 iguanas
  5 orc wizards
  9 adders
  A shadow imp (D:3)
  A white imp (D:5)
  6 ufetubi
  4 worms (D:2)
  2 dart slugs
  22 orcs
  7 bats
  A bat zombie (D:3)
  4 endoplasms
  2 giant cockroaches
  7 goblins
  4 hobgoblins
  8 jackals
  4 quokkas
  6 ball pythons
  7 frilled lizards
  6 kobolds
  2 rats (D:1)
  A rat zombie (D:3)
152 creatures vanquished.

Vanquished Creatures (collateral kills)
  A hornet (D:8)
  A steam dragon (D:8)
  2 orcs (D:8)
4 creatures vanquished.

Vanquished Creatures (others)
  4 demonic plants (D:5)
4 creatures vanquished.

Grand Total: 160 creatures vanquished

Notes
Turn   | Place    | Note
-------+----------+-------------------------------------------
     0 | D:1      | Angani the Draconian Reaver began the quest for the Orb.
     0 | D:1      | Reached XP level 1. HP: 17/17 MP: 3/3
   173 | D:1      | Reached XP level 2. HP: 23/24 MP: 5/5
   338 | D:1      | Reached skill level 4 in Unarmed Combat
   470 | D:1      | Reached XP level 3. HP: 27/29 MP: 6/6
  1318 | D:2      | Noticed Sigmund
  1489 | D:3      | Reached XP level 4. HP: 36/36 MP: 7/7
  1609 | D:3      | Reached skill level 5 in Unarmed Combat
  1638 | D:3      | Found an ancient bone altar of Kikubaaqudgha.
  2536 | D:4      | Reached XP level 5. HP: 35/41 MP: 8/8
  2774 | D:4      | Learned a level 3 spell: Call Canine Familiar
  3006 | D:4      | Reached skill level 6 in Unarmed Combat
  3621 | D:5      | Entered Level 5 of the Dungeon
  3621 | D:5      | Found a staircase to the Ecumenical Temple.
  3624 | D:5      | Noticed an ogre
  3629 | Temple   | Entered the Ecumenical Temple
  3629 | Temple   | Found a transporter.
  3629 | Temple   | Found a transporter.
  3631 | Temple   | Found a transporter.
  3631 | Temple   | Found a transporter.
  3642 | Temple   | Became a worshipper of Cheibriados the Contemplative
  3695 | Temple   | Killed an ogre
  3696 | Temple   | Reached XP level 6. HP: 31/48 MP: 6/9
  3796 | Temple   | Reached skill level 7 in Unarmed Combat
  4025 | D:5      | Reached * piety under Cheibriados
  4180 | D:5      | Found a stormy altar of Qazlal.
  4285 | D:5      | HP: 1/38 [orc priest/divine providence (14)]
  4294 | D:5      | Reached skill level 8 in Unarmed Combat
  4294 | D:5      | Your scales start taking on a rich purple colour.
  4294 | D:5      | Reached XP level 7. HP: 16/49 MP: 10/10
  4873 | D:5      | Found a shimmering blue altar of Sif Muna.
  4909 | D:5      | Reached skill level 9 in Unarmed Combat
  5313 | D:6      | Noticed a steam dragon
  5499 | D:6      | Killed a steam dragon
  5556 | D:6      | Reached XP level 8. HP: 61/61 MP: 11/11
  5570 | D:6      | Reached ** piety under Cheibriados
  5597 | D:6      | Reached skill level 10 in Unarmed Combat
  5642 | D:6      | Reached skill level 1 in Summonings
  6012 | D:6      | Noticed Edmund
  6020 | D:6      | HP: 3/60 [wight/+5 short sword (1)]
  6211 | D:6      | Identified the +2 leather armour of the Enchanted Forest
                  | {rCorr}
  7056 | D:8      | Reached skill level 5 in Fighting
  7056 | D:8      | Reached skill level 5 in Spellcasting
  7056 | D:8      | Reached XP level 9. HP: 74/74 MP: 16/16
  7098 | D:8      | Paralysed by a hornet for 2 turns
  7547 | D:8      | Found a staircase to the Lair.
  7625 | D:8      | Reached skill level 5 in Summonings
  7797 | D:8      | Reached *** piety under Cheibriados
  8189 | D:9      | HP: 3/65 [wyvern (14)]
  8192 | D:9      | Slain by a wyvern

Illustrated notes

Levels and vault maps discovered:
D:1:      dpeg_arrival_round_b, layout_loops_ring, minmay_tall_x
D:2:      layout_rooms, minmay_door_square, uniq_crazy_yiuf_cottage,
          uniq_sigmund
D:3:      layout_loops_corners, lemuel_zombie_altar_kikubaaqudgha
D:4:      layout_basic
D:5:      layout_gridville, led_sif_pool, grunt_qazlal_clouds,
          minmay_temple_entry_tees, serial_demonic, serial_demonic_b,
          serial_demonic_a, serial_demonic_d, serial_demonic_a,
          serial_demonic_f, serial_demonic_g
D:6:      layout_basic, serial_glass, glass_columns_a, glass_columns_b,
          glass_columns_c, glass_columns_a, glass_columns_c, kennysheep_nub,
          uniq_edmund
D:7:      layout_cave_pools
D:8:      layout_rooms, lair_entry_dummy, minmay_misc_feat_nine_boxes
D:9:      layout_loops_corners, david_orc_2, minmay_misc_feat_roman,
          minmay_ruined_shrine
Temple:   hellmonk_temple_divided_pantheon

Skill      XL: |  1  2  3  4  5  6  7  8  9 |
---------------+----------------------------+-----
Unarmed Combat | 4 5 6 8 9 10 | 10.0
Spellcasting   | 5 6 |  6.7
Summonings     | 3 5 |  5.6
Fighting       | 5 6 |  6.7
Dodging        | |  1.7
Conjurations   | |  3.0

Action                   |  1- 3 |  4- 6 |  7- 9 || total
-------------------------+-------+-------+-------++-------
Melee: Unarmed           |   167 |   256 |   249 ||   672
       Tailslap          |    19 |    18 |    27 ||    64
       Punch             |     7 |     4 |    17 ||    28
 Cast: Kiss of Death     |       |     1 |     5 ||     6
       Call Canine Famil |       |       |     8 ||     8
 Abil: Breathe Dispellin |       |       |     6 ||     6
Evoke: Wand              |       |     2 |       ||     2
  Use: Scroll            |       |     8 |    11 ||    19
       Potion            |       |     6 |     3 ||     9
 Stab: Sleeping          |     1 |       |       ||     1
       Distracted        |       |       |     1 ||     1
Armor: Skin              |    50 |    76 |    52 ||   178
Dodge: Dodged            |    99 |   277 |   205 ||   581
       Repelled          |       |     2 |     1 ||     3

Table legend: (Time is in decaauts)
 A = Elapsed time spent in this place.
 B = Non-inter-level travel time spent in this place.
 C = Inter-level travel time spent in this place.
 D = Time resting spent in this place.
 E = Time spent auto-exploring this place.
 F = Levels seen in this place.
 G = Mean time per level.
                   A        B        C        D        E       F      G
               +--------+--------+--------+--------+--------+-----+--------+
         Total |   9106 |   8845 |    261 |   1653 |   5740 |  10 |  910.6 |
       Dungeon |   8841 |   8580 |    261 |   1463 |   5740 |   9 |  982.3 |
        Temple |    265 |    265 |      0 |    190 |      0 |   1 |  265.0 |
               +--------+--------+--------+--------+--------+-----+--------+

Top non-repeatable levels by time:
     D:6: 1498 daAuts
     D:4: 1404 daAuts
     D:5: 1343 daAuts
     D:8: 1220 daAuts
     D:3: 973 daAuts
     D:7: 920 daAuts
     D:1: 793 daAuts
     D:2: 625 daAuts
  Temple: 265 daAuts
     D:9: 62 daAuts
